 Dungeon Crawl Stone Soup version 0.16-a0-2984-g889390b (webtiles) character file.

372421 Pikaro the Sorcerer (level 21, -6/127 HPs)
             Began as a Deep Elf Conjurer on Dec 5, 2014.
             Was the Champion of Vehumet.
             Killed from afar by a deep elf knight (33 damage)
             ... with a stone arrow
             ... on level 4 of the Depths on Dec 6, 2014.
             The game lasted 06:32:54 (103000 turns).

Pikaro the Sorcerer (Deep Elf Conjurer)           Turns: 103000, Time: 06:32:54

Health: -6/127     AC: 19    Str:  5    XL:     21   Next: 72%
Magic:  38/50      EV: 20    Int: 31    God:    Vehumet [******]
Gold:   2156       SH:  0    Dex: 15    Spells: 11 memorised, 3 levels left

rFire  + . .     SeeInvis .     g - staff of air {rElec}
rCold  . . .     Clarity  .     u - +4 troll leather armour {regen}
rNeg   . . .     SustAb   .     G - +3 buckler
rPois  .         Gourm    .     F - +2 hat
rElec  +         Spirit   .     H - +2 cloak {+Inv}
rCorr  .         Warding  .     Z - +2 pair of gloves
rMut   .         Stasis   .     d - +2 pair of boots
MR     ++...                    r - amulet of regeneration
Stlth  +.........               t - ring of wizardry {wiz+, !d}
                                f - ring of magical power {MP+9}

@: confused, drained, very resistant to hostile enchantments, very unstealthy
A: fire resistance 1, low mp 1
a: Renounce Religion, Evoke Invisibility
}: 2/15 runes: decaying, gossamer


You were on level 4 of the Depths.
You worshipped Vehumet.
Vehumet was exalted by your worship.
You were not hungry.

You visited 8 branches of the dungeon, and saw 44 of its levels.
You also visited: Sewer and Ice Cave.

You collected 4557 gold pieces.
You spent 2401 gold pieces at shops.

Inventory:

Hand weapons
 s - the +9 falchion "Stemoty" {slice, rF+ rC+ Dex-3}
   (You bought it in a shop on level 4 of the Orcish Mines)

   It inflicts extra damage upon your enemies.
   It affects your dexterity (-3).
   It protects you from fire.
   It protects you from cold.
 Y - a +2 flail of protection
   (You took it off an orc on level 11 of the Dungeon)
Armour
 d - a +2 pair of boots (worn)
   (You found it on level 9 of the Dungeon)
 u - a +4 troll leather armour (worn) {regen}
   (You found it on level 9 of the Dungeon)
 F - a +2 hat (worn)
   (You took it off Gastronok on level 3 of the Lair of Beasts)
 G - a +3 buckler (worn)
   (You found it on level 4 of the Dungeon)
 H - a +2 cloak of invisibility (worn)
   (You took it off Nikola on level 1 of the Elven Halls)
 Z - a +2 pair of gloves (worn)
   (You found it on level 5 of the Swamp)
Magical staves
 g - an uncursed staff of air (weapon) {rElec}
   (You found it on level 9 of the Dungeon)
 x - an uncursed staff of cold {rC+}
   (You took it off Fannar on level 14 of the Dungeon)
 y - an uncursed staff of poison {rP+}
   (You found it on level 14 of the Dungeon)
 V - an uncursed staff of wizardry {unknown}
   (You found it on level 3 of the Depths)
Jewellery
 f - a ring of magical power (left hand) {MP+9}
   (You found it on level 10 of the Dungeon)
 q - an uncursed ring of teleportation {+/*tele, !d}
   (You found it on level 3 of the Lair of Beasts)
 r - an amulet of regeneration (around neck)
   (You bought it in a shop on level 4 of the Orcish Mines)
 t - a ring of wizardry (right hand) {wiz+, !d}
   (You found it on level 8 of the Dungeon)
 v - the ring of Surprise {Ice Int+2}
   (You took it off a spriggan defender on level 3 of the Depths)

   [ring of ice]

   It enhances your ice magic, and weakens your fire magic.
   It affects your intelligence (+2).
   It makes you vulnerable to fire.
   It protects you from cold.
 K - an uncursed ring of teleport control {cTele, !d}
   (You took it off a yaktaur on level 3 of the Depths)
 U - an uncursed ring of protection from cold {rC+, !d}
   (You took it off an orc warlord on level 3 of the Depths)
Magical devices
 p - a wand of hasting (5)
   (You found it on level 3 of the Lair of Beasts)
 w - a wand of digging (9)
   (You found it on level 13 of the Dungeon)
 B - a wand of teleportation (2)
   (You found it on level 12 of the Dungeon)
 N - a wand of heal wounds (2)
   (You found it on level 4 of the Depths)
 P - a wand of fire (9)
   (You found it on level 3 of the Depths)
 X - a wand of lightning (7)
   (You found it on level 8 of the Dungeon)
Scrolls
 a - 4 scrolls of amnesia
 b - a scroll of fear
 j - 5 scrolls of teleportation
 k - 3 scrolls of identify
 m - a scroll of silence
 n - 2 scrolls of fog
 E - 8 scrolls of remove curse
 I - a scroll of noise {!r}
 J - 5 scrolls of recharging
 R - a scroll of vulnerability {!r!r}
 S - a scroll of summoning
 W - a scroll of blinking {!r}
Potions
 c - 2 potions of resistance
 h - 4 potions of ambrosia {!q!magic, !confuse}
 z - 3 potions of restore abilities
 A - a potion of invisibility
 D - 3 potions of lignification {!q}
 M - 5 potions of curing
Books
 C - the Compendium of the Marlin
   (You found it on level 3 of the Depths)

   Spells                             Type                      Level
   a - Stoneskin                      Transmutation/Earth          2
   b - Teleport Other                 Translocation                3
   c - Warp Weapon                    Charms/Translocation         5
   d - Bolt of Magma                  Conjuration/Fire/Earth       5
   e - Lee's Rapid Deconstruction     Earth                        5
 O - a book of Spatial Translocations
   (You found it on level 3 of the Depths)
Miscellaneous
 e - a phial of floods
   (You found it on level 2 of the Spider Nest)
 o - a stone of tremors
   (You found it on level 13 of the Dungeon)
 T - a plain deck of summonings
   (You found it on level 3 of the Depths)
Comestibles
 i - 10 beef jerkies
 l - 16 bread rations {@e1}
 Q - 17 meat rations {@e2}


   Skills:
 - Level 12.0(11.1) Fighting
 - Level 17.0(15.9) Dodging
 - Level 6.0(5.2) Stealth
 - Level 5.0(4.2) Shields
 - Level 21.0(19.8) Spellcasting
 + Level 20.1(18.9) Conjurations
 - Level 12.0(11.1) Charms
 - Level 12.0(11.0) Fire Magic
 - Level 13.4(12.4) Air Magic
 - Level 12.0(11.0) Poison Magic
 - Level 8.1(7.2) Evocations


You had 3 spell levels left.
You knew the following spells:

 Your Spells              Type           Power        Failure   Level  Hunger
a - Iskenderun's Mystic   Conj           #######.     0%          4    None
e - Fireball              Conj/Fire      #######...   1%          5    None
m - Mephitic Cloud        Conj/Pois/Air  ########     0%          3    None
o - Orb of Destruction    Conj           #######...   1%          7    ###....
t - Iskenderun's Battles  Conj/Chrm      #######.     1%          5    None
A - Shroud of Golubria    Chrm/Tloc      ######....   1%          2    None
B - Poison Arrow          Conj/Pois      #######...   1%          6    None
C - Bolt of Fire          Conj/Fire      #######...   1%          6    None
D - Conjure Ball Lightni  Conj/Air       ########..   1%          6    None
E - Chain Lightning       Conj/Air       ########..   1%          8    #####..
F - Spellforged Servitor  Conj/Summ      ######....   3%          7    ###....


Dungeon Overview and Level Annotations

Branches:
Dungeon (15/15)            Temple (1/1) D:5            Lair (8/8) D:11
  Swamp (5/5) Lair:6       Spider (5/5) Lair:5        Slime (0/6) Lair:7
    Orc (4/4) D:12            Elf (2/3) Orc:3        Vaults (0/5) D:14
 Depths (4/5) D:15

Altars:
Ashenzari
Cheibriados
Dithmenos
Elyvilon
Fedhas
Gozag
Kikubaaqudgha
Makhleb
Nemelex Xobeh
Okawaru
Qazlal
Ru
Sif Muna
Trog
Vehumet
Xom
Yredelemnul
Zin
The Shining One
Beogh

Shops:
D:4 *   Orc:3 !   Orc:4 !=(*   Elf:2 *

Portals:
Hell: Depths:1 Depths:2 Depths:3 Depths:4
Pandemonium: Depths:3
Ziggurat: Depths:3
Trove: D:11 (give 23 scrolls of identify)

Annotations:
Elf:2 runed door


Innate Abilities, Weirdness & Mutations

Your flesh is heat resistant.
Your magical capacity is low (-10% MP).


Message History

The orb of energy misses you.
A raven comes into view.
The deep elf knight casts a spell at you.
The stone arrow hits you!
You take 27 damage, and have 100/127 hp.
MASSIVE DAMAGE!!
The deep elf knight casts a spell at you.
You block the stone arrow.
You regained 2 hp, and now have 107/127 hp.
The deep elf knight casts a spell at you.
The orb of energy hits you!
The orb of energy explodes!
You take 8 damage, and have 102/127 hp.
You see here a troll hide {regen}.
The deep elf knight casts a spell at you.
The stone arrow misses you.
An ettin comes into view.
It is wielding a dire flail and a dire flail of draining.
You regained 2 hp, and now have 108/127 hp.
Spoiler Alert: The ettin (wandering) can do very high damage in melee!
The deep elf knight points at you and mumbles some strange words.
The stone arrow misses you.
The deep elf knight hits you but does no damage.
There is an open door here.
The poison arrow misses the deep elf knight.
You block the deep elf knight's attack.
The deep elf knight hits you but does no damage.
You now have 1/50 mp.
You hit the deep elf knight.
The deep elf knight is electrocuted!
The deep elf knight closely misses you.
You miss the deep elf knight. The deep elf knight barely misses you.
The deep elf knight casts a spell at you.
The orb of energy hits you!
You take 31 damage, and have 82/127 hp.
MASSIVE DAMAGE!!
You hear a mighty clap of thunder!
The bolt of lightning misses the deep elf knight.
Evoking this partially-identified wand wasted a few charges.
The deep elf knight hits you with a scimitar.
You take 5 damage, and have 77/127 hp.
You hear a mighty clap of thunder!
The bolt of lightning misses the deep elf knight.
Evoking this partially-identified wand wasted a few charges.
Your skill with magical items lets you calculate the power of this device...
This wand has 7 charges left.
The deep elf knight is no longer moving quickly.
The deep elf knight casts a spell.
The deep elf knight seems to speed up.
The deep elf knight misses you.
Spoiler Alert: The ettin can do very high damage in melee!
Drink which item? (? for menu, Esc to quit)
Really quaff
h - 5 potions of ambrosia {!q!magic, !confuse}?
You are confused.
You feel invigorated.
The deep elf knight hits you with a scimitar!
You take 9 damage, and have 69/127 hp.
You regained 4 mp, and now have 7/50 mp.
Spoiler Alert: The ettin can do very high damage in melee!
The deep elf knight casts a spell at you.
The stone arrow hits you!
You see here a great sword of flaming.
You take 5 damage, and have 64/127 hp.
You regained 3 mp, and now have 10/50 mp.
You regained 5 hp, and now have 69/127 hp.
You regained 5 mp, and now have 15/50 mp.
Spoiler Alert: The ettin can do very high damage in melee!
You regained 4 hp, and now have 73/127 hp.
You regained 3 mp, and now have 18/50 mp.
You regained 6 hp, and now have 79/127 hp.
You regained 5 mp, and now have 23/50 mp.
The deep elf knight hits you with a scimitar!!
The ettin closely misses you. The ettin barely misses you.
The deep elf knight barely misses you.
You take 12 damage, and have 67/127 hp.
You regained 5 mp, and now have 28/50 mp.
Spoiler Alert: The ettin can do very high damage in melee!
The ettin completely misses you.
The ettin hits you with a dire flail of draining.
You feel drained.
The deep elf knight hits you with a scimitar!
You take 15 damage, and have 52/127 hp.
You regained 3 mp, and now have 31/50 mp.
Spoiler Alert: The ettin can do very high damage in melee!
You hit the ettin but do no damage.
The deep elf knight hits you with a scimitar.
The ettin hits you but does no damage.
The ettin hits you with a dire flail of draining!!
* * * LOW HITPOINT WARNING * * *
You feel drained.
* * * LOW HITPOINT WARNING * * *
You take 30 damage, and have 22/127 hp.
MASSIVE DAMAGE!!
You regained 3 mp, and now have 34/50 mp.
Spoiler Alert: The ettin can do very high damage in melee!
Drink which item? (? for menu, Esc to quit)
You feel much better.
The deep elf knight hits you with a scimitar!!
* * * LOW HITPOINT WARNING * * *
The ettin barely misses you. The ettin completely misses you.
The deep elf knight points at you and mumbles some strange words.
The stone arrow hits you!
You die...

Gs.D..##..#.........###
...#.s.##.#...........#
+#+# ..b###.C.........#
Q.) #...........# #
#...........#
#.......#####
#.###+##...#
#.#..e.#....#
#.'..#@#...##
#.#.#C.+...#
#.#....#....
##.##+####.... ##[..#
#...# ##....## ...
##......##
###....[)..####
#####...........#.##


You could see an ettin and a deep elf knight.

Vanquished Creatures
  Norris (Elf:2)
  Xtahua (Depths:3)
  A golden dragon (Depths:3)
  Arachne (Spider:5)
  Nikola (Elf:1)
  A tentacled monstrosity (Depths:4)
  A lich (Depths:2)
  2 titans (Depths:3)
  Asterion (Elf:1)
  Rupert (Lair:7)
  Kirke (Swamp:4)
  A shadow dragon (Depths:3)
  3 sphinxes
  3 tengu reavers (Depths:3)
  Roxanne (Elf:2)
  An azure jelly (Swamp:5)
  An orc warlord (Depths:3)
  6 fire giants
  4 ghost moths
  Louise (D:15)
  9 emperor scorpions
  A deep elf sorcerer (Depths:3)
  6 frost giants
  Gastronok (Lair:3)
  6 very ugly things
  9 stone giants
  2 spriggan defenders (Depths:3)
  A deep elf demonologist (Depths:3)
  The ghost of Chiseanne the Imperceptible, a mighty SpAs of Okawaru (Spider:4)
  A vampire knight (Depths:4)
  12 dire elephants
  7 ettins
  8 vault guards
  4 minotaurs
  A deep elf high priest (Depths:3)
  Josephine (Elf:1)
  2 yaktaur captains
  7 fire dragons
  2 great orbs of eyes
  Fannar (D:14)
  Harold (Lair:2)
  18 hydras
  An anaconda (Depths:3)
  2 rakshasas (Depths:2)
  8 ice dragons
  6 ogre magi
  12 centaur warriors
  The ghost of Engwar the Martial Artist, a powerful DrTm of Qazlal (D:11)
  Erica (Orc:4)
  2 spriggan air magi (Depths:3)
  The ghost of anything the Quickloader, a powerful FoHu of Qazlal (Lair:2)
  16 deep troll earth magi
  16 dancing weapons (Elf:2)
  10 deep troll shamans
  2 tengu warriors (Depths:1)
  9 alligators
  24 death yaks
  A vampire mage (Depths:3)
  A catoblepas (Lair:8)
  2 orc high priests
  2 iron trolls (Depths:3)
  8 spriggans
  3 hell knights (Depths:3)
  19 deep elf knights
  3 unseen horrors
  3 harpies (Depths:3)
  7 swamp dragons
  A lindwurm (Lair:8)
  3 spriggan druids
  4 giant orange brains
  The ghost of Johnny the Skirmisher, an experienced GrIE of Ru (D:8)
  A death drake (Swamp:1)
  2 shambling mangroves
  2 ice statues (IceCv)
  18 deep trolls
  14 hill giants
  A harpy (shapeshifter) (Depths:3)
  A ball lightning (Orc:3)
  6 deep elf summoners
  10 orc knights (Orc:4)
  13 deep elf conjurers
  19 ugly things
  7 necromancers
  A wolf spider zombie (D:15)
  2 phantasmal warriors (Depths:4)
  A wizard (Depths:1)
  20 orb spiders
  3 spectral hydras (Swamp:1)
  10 red wasps
  31 wolf spiders
  3 cyclopes
  5 moths of wrath
  3 griffons
  17 elephants
  6 black mambas
  3 orc sorcerers
  4 manticores
  2 guardian serpents (Depths:3)
  A large abomination (Swamp:1)
  2 naga magi (D:15)
  A torpor snail (Depths:3)
  A guardian serpent (shapeshifter) (Elf:2)
  24 spiny frogs
  20 yaktaurs
  2 kobold demonologists (D:14)
  Psyche (D:9)
  A gargoyle (D:10)
  A queen ant (Lair:8)
  3 fire drakes
  8 demonic crawlers
  A yaktaur (shapeshifter) (Depths:3)
  The ghost of Kemay the Insei, an experienced OpTm (D:5)
  2 swamp worm zombies (Swamp:1)
  An efreet (D:13)
  9 deep elf priests
  14 komodo dragons
  A redback zombie (D:15)
  A queen bee (Spider:3)
  A tengu conjurer (Depths:1)
  2 baby alligators (Swamp:1)
  A jumping spider (shapeshifter) (Elf:1)
  9 giant leeches
  7 freezing wraiths
  2 polar bears
  23 bog bodies
  11 two-headed ogres
  Prince Ribbit (D:5)
  A boulder beetle (Spider:2)
  41 jumping spiders
  4 blink frogs (Lair:5)
  39 slime creatures
  8 trolls
  13 ravens
  A red wasp zombie (D:14)
  An alligator zombie (Swamp:1)
  3 spectral swamp dragons (Swamp:1)
  3 basilisks
  2 wyverns
  34 trapdoor spiders
  47 redbacks
  A spriggan (shapeshifter) (Depths:2)
  2 elf zombies
  3 shadows
  5 wraiths
  25 tarantellas
  6 hogs (Swamp:4)
  56 yaks
  Eustachio (D:5)
  5 giant leech zombies (Swamp:1)
  4 vampires
  Grum (D:13)
  24 wolves
  27 deep elf magi
  12 hippogriffs
  2 hungry ghosts
  8 wargs (Orc:4)
  6 swamp worm simulacra (Swamp:5)
  18 insubstantial wisps
  15 deep elf fighters
  18 hydra simulacra (Swamp:5)
  29 vampire mosquitoes
  2 spiny frog zombies (Swamp:1)
  11 swamp drakes
  4 soldier ants (Lair:8)
  23 water moccasins
  19 ice beasts
  33 swamp worms
  3 mottled dragons
  4 black bears
  4 necrophages
  7 sky beasts
  24 spiders
  47 orc warriors
  3 phantoms
  17 porcupines
  13 yellow wasps
  A boring beetle (shapeshifter) (Depths:2)
  A red wasp simulacrum (D:15)
  27 ogres
  3 boring beetles
  24 centaurs
  21 crocodiles
  Sigmund (D:3)
  6 big kobolds
  A brain worm (D:15)
  A gnoll sergeant (D:10)
  Blork the orc (D:5)
  19 giant frogs
  9 scorpions
  7 troll zombies (Swamp:1)
  25 killer bees (Spider:3)
  A spriggan zombie (Swamp:1)
  2 wyvern skeletons (D:14)
  14 wights
  A naga zombie (D:15)
  9 crimson imps
  11 electric eels
  A yellow wasp zombie (D:13)
  20 orc priests
  2 goliath beetles
  A quasit (D:10)
  5 centaur zombies
  17 hounds
  19 jellies
  18 orc wizards
  4 giant frog zombies
  A two-headed ogre zombie (Depths:3)
  4 centaur skeletons
  4 elf skeletons (Elf:1)
  13 orange rats
  33 worker ants
  12 iguanas
  Natasha (thrice) (D:3)
  An iron imp (Depths:2)
  4 polar bear simulacra (Lair:6)
  2 yak simulacra (Lair:6)
  A wolf simulacrum (Lair:6)
  30 sheep
  Ijyb (D:3)
  Jessica (D:2)
  3 hound zombies
  35 adders
  21 gnolls
  2 giant mites
  5 shadow imps
  91 river rats
  2 worms
  2 giant eyeballs (Depths:3)
  2 swamp drake simulacra (Swamp:5)
  An electric eel zombie (D:10)
  The ghost of anything the Bolt Thrower, a weakling FoHu (D:11)
  8 giant geckos
  2 oozes (D:1)
  206 orcs
  5 ball pythons
  A bat skeleton (D:6)
  A bat zombie (D:5)
  8 giant cockroaches
  17 goblins
  22 hobgoblins
  6 jackals
  16 bats
  4 giant newts
  3 giant spores
  A jackal skeleton (D:4)
  A jackal zombie (D:9)
  30 kobolds
  17 quokkas
  27 rats
  4 river rat simulacra (Lair:6)
  2 ballistomycetes (D:11)
  A butterfly (Lair:8)
  17 fungi
  6 plants
2291 creatures vanquished.

Vanquished Creatures (collateral kills)
  2 tarantellas
2 creatures vanquished.

Vanquished Creatures (others)
  3 ball lightnings (Orc:3)
  A spriggan (Swamp:5)
  A deep elf fighter (Elf:2)
  A swamp worm (Swamp:5)
  A sky beast (D:11)
  A jelly (D:13)
  A worker ant (D:14)
  A chimera (Spider:2)
  A ballistomycete (D:11)
  8 fungi
  17 plants
36 creatures vanquished.

Grand Total: 2329 creatures vanquished

Notes
Turn   | Place    | Note
--------------------------------------------------------------
     0 | D:1      | Pikaro, the Deep Elf Conjurer, began the quest for the Orb.
     0 | D:1      | Reached XP level 1. HP: 10/10 MP: 5/5
   255 | D:1      | Reached XP level 2. HP: 15/15 MP: 4/8
   299 | D:1      | Reached skill level 5 in Conjurations
  1255 | D:1      | Reached XP level 3. HP: 19/19 MP: 8/10
  1907 | D:2      | Reached skill level 6 in Conjurations
  1908 | D:2      | Reached XP level 4. HP: 6/24 MP: 5/13
  1919 | D:2      | Learned a level 4 spell: Iskenderun's Mystic Blast
  2138 | D:2      | Noticed Jessica
  2139 | D:2      | Killed Jessica
  2546 | D:2      | Reached skill level 7 in Conjurations
  2546 | D:2      | Reached XP level 5. HP: 28/28 MP: 0/16
  3547 | D:3      | Found a glowing drain.
  3559 | Sewer    | Entered a sewer
  3837 | Sewer    | Reached skill level 8 in Conjurations
  3837 | Sewer    | Reached XP level 6. HP: 30/32 MP: 6/18
  3929 | Sewer    | Found a white marble altar of Elyvilon.
  4051 | D:3      | HP: 5/32 [gnoll/stone (4)]
  4357 | D:3      | Noticed Natasha
  4362 | D:3      | Killed Natasha
  4409 | D:3      | Noticed Natasha
  4433 | D:3      | Killed Natasha
  4433 | D:3      | Noticed Natasha
  4440 | D:3      | HP: 7/32 [Natasha/wand of magic darts (7)]
  4445 | D:3      | Killed Natasha
  4774 | D:3      | Noticed Sigmund
  4778 | D:3      | Killed Sigmund
  5128 | D:3      | Noticed Ijyb
  5139 | D:3      | HP: 3/32 [Ijyb/wand of fire (14)]
  5158 | D:3      | Killed Ijyb
  5158 | D:3      | Reached skill level 9 in Conjurations
  5859 | D:4      | Found Cuobeab's General Store.
  5872 | D:4      | Bought a scroll of enchant armour for 97 gold pieces
  5872 | D:4      | Bought a scroll of enchant weapon for 97 gold pieces
  5872 | D:4      | Bought a scroll of identify for 26 gold pieces
  5971 | D:4      | Reached XP level 7. HP: 36/36 MP: 2/20
  6082 | D:4      | Learned a level 5 spell: Iskenderun's Battlesphere
  6192 | D:4      | Found an opulent altar of Gozag.
  6256 | D:4      | Reached skill level 1 in Shields
  6908 | D:4      | Found an opulent altar of Gozag.
  7088 | D:4      | Found Cuobeab's General Store.
  7509 | D:5      | Entered Level 5 of the Dungeon
  7509 | D:5      | Noticed Kemay's ghost (experienced OpTm)
  7551 | D:5      | Reached skill level 10 in Conjurations
  7668 | D:5      | Found a staircase to the Ecumenical Temple.
  7676 | D:5      | Learned a level 2 spell: Shroud of Golubria
  7691 | Temple   | Entered the Ecumenical Temple
  7786 | Temple   | Became a worshipper of Vehumet
  7880 | D:5      | Noticed Eustachio
  7883 | D:5      | Killed Eustachio
  7883 | D:5      | Reached XP level 8. HP: 41/41 MP: 12/21
  7888 | D:5      | Killed Kemay's ghost
  7888 | D:5      | Reached skill level 11 in Conjurations
  8366 | D:5      | Noticed Blork the orc
  8370 | D:5      | Killed Blork the orc
  8395 | D:5      | Reached skill level 12 in Conjurations
  8623 | D:5      | Noticed Prince Ribbit
  8971 | D:5      | Acquired Vehumet's first power
  8971 | D:5      | Offered knowledge of Sandblast by Vehumet.
  9259 | D:5      | Killed Prince Ribbit
  9544 | D:5      | Found a staircase to the Ecumenical Temple.
 10062 | D:6      | Reached skill level 13 in Conjurations
 10062 | D:6      | Reached XP level 9. HP: 45/45 MP: 4/22
 10075 | D:6      | Gained mutation: Scrolls take you a little longer to read. [mutagenic meat]
 10076 | D:6      | Gained mutation: Your magical capacity is low (-10% MP). [mutagenic meat]
 10077 | D:6      | Gained mutation: You occasionally shout uncontrollably at your foes. [mutagenic meat]
 11787 | D:7      | HP: 3/45 [orc priest/divine providence (14)]
 12286 | D:7      | Reached skill level 14 in Conjurations
 14705 | D:8      | Noticed Johnny's ghost (experienced GrIE)
 14756 | D:8      | Noticed a red ugly thing
 14879 | D:8      | Reached skill level 15 in Conjurations
 15037 | D:8      | Offered knowledge of Throw Frost by Vehumet.
 15042 | D:8      | Reached skill level 1 in Charms
 15441 | D:8      | Reached skill level 2 in Charms
 15442 | D:8      | Reached skill level 4 in Spellcasting
 15442 | D:8      | Reached XP level 10. HP: 50/50 MP: 1/22
 15516 | D:8      | Reached skill level 3 in Charms
 15849 | D:8      | Reached skill level 4 in Charms
 16022 | D:8      | Reached skill level 5 in Spellcasting
 16897 | D:8      | Killed Johnny's ghost
 16897 | D:8      | Reached skill level 6 in Spellcasting
 16897 | D:8      | Reached skill level 5 in Charms
 17142 | D:8      | Reached skill level 6 in Charms
 18168 | D:9      | Offered knowledge of Stone Arrow by Vehumet.
 18178 | D:9      | Reached skill level 7 in Spellcasting
 18356 | D:9      | Reached skill level 7 in Charms
 18628 | D:9      | Noticed Psyche
 18653 | D:9      | Killed Psyche
 18653 | D:9      | Reached skill level 8 in Charms
 18682 | D:9      | Reached skill level 8 in Spellcasting
 18914 | D:9      | Acquired Vehumet's second power
 19193 | D:10     | Entered Level 10 of the Dungeon
 19457 | D:10     | Reached skill level 9 in Charms
 19537 | D:10     | Reached skill level 9 in Spellcasting
 19765 | D:9      | Offered knowledge of Mephitic Cloud by Vehumet.
 19770 | D:9      | Learned a level 3 spell: Mephitic Cloud
 19868 | D:10     | Reached XP level 11. HP: 48/54 MP: 3/27
 19897 | D:10     | HP: 8/54 [wraith (13)]
 20278 | D:10     | Reached skill level 10 in Charms
 20508 | D:10     | Reached skill level 10 in Spellcasting
 20773 | D:11     | Found a staircase to the Lair.
 20964 | D:11     | Found a portal to a secret trove of treasure.
 21176 | D:11     | Reached skill level 11 in Charms
 21181 | D:11     | Acquired Vehumet's third power
 21186 | D:11     | Noticed Engwar's ghost (powerful DrTm)
 21331 | D:11     | Gained mutation: You are dopey. (Int -2) [mutagenic meat]
 21332 | D:11     | Gained mutation: You are agile. (Dex +2) [mutagenic meat]
 21333 | D:11     | Gained mutation: You have a pair of small antennae on your head. [mutagenic meat]
 21353 | D:11     | Noticed anything's ghost (weakling FoHu)
 21359 | D:11     | Killed anything's ghost
 21502 | D:11     | Killed Engwar's ghost
 21607 | D:11     | Noticed a hill giant
 21682 | D:11     | Noticed a hill giant
 21686 | D:11     | Killed a hill giant
 21686 | D:11     | Reached skill level 11 in Spellcasting
 21729 | D:11     | Killed a hill giant
 21729 | D:11     | Offered knowledge of Fireball by Vehumet.
 21729 | D:11     | Reached skill level 12 in Charms
 21737 | D:11     | Learned a level 5 spell: Fireball
 21985 | D:11     | Reached skill level 1 in Fire Magic
 21985 | D:11     | HP: 10/54 [electric eel/bolt of electricity (12)]
 22013 | D:11     | Reached skill level 1 in Air Magic
 22013 | D:11     | Reached skill level 1 in Poison Magic
 22053 | D:11     | Noticed a hill giant
 22061 | D:11     | Killed a hill giant
 22298 | D:11     | Reached skill level 12 in Spellcasting
 22353 | D:11     | Reached skill level 2 in Fire Magic
 22353 | D:11     | Reached skill level 2 in Poison Magic
 22545 | D:11     | Noticed a seven-headed hydra
 22563 | D:11     | Reached skill level 2 in Air Magic
 22578 | D:11     | Killed a seven-headed hydra
 23186 | D:11     | Killed an unseen horror
 23186 | D:11     | Reached XP level 12. HP: 56/59 MP: 26/31
 23277 | D:11     | Reached skill level 3 in Fire Magic
 23306 | D:11     | Found a portal to a secret trove of treasure.
 23661 | D:11     | Found a staircase to the Lair.
 23959 | D:12     | Reached skill level 3 in Poison Magic
 24041 | D:12     | Reached skill level 3 in Air Magic
 24287 | D:12     | Noticed a centaur warrior
 24289 | D:12     | Killed a centaur warrior
 24410 | D:12     | Found a staircase to the Orcish Mines.
 24826 | D:12     | Reached skill level 13 in Spellcasting
 24826 | D:12     | Reached skill level 4 in Fire Magic
 24957 | D:12     | Found a staircase to the Orcish Mines.
 25081 | D:12     | Gained mutation: Your body is slowly deteriorating. [mutagenic meat]
 25083 | D:12     | Gained mutation: You can spit poison. [mutagenic meat]
 25291 | D:12     | Reached skill level 4 in Poison Magic
 25564 | D:13     | Noticed a centaur warrior
 25569 | D:13     | HP: 7/59 [centaur warrior/arrow (15)]
 25754 | D:13     | Killed a centaur warrior
 25902 | D:13     | Reached skill level 4 in Air Magic
 26043 | D:13     | HP: 14/59 [efreet/bolt of fire (23)]
 26293 | D:13     | Lost mutation: You are agile. (Dex +2) [mutagenic meat]
 26389 | D:13     | Reached skill level 5 in Fire Magic
 26390 | D:13     | Noticed an eight-headed hydra
 26634 | D:13     | Killed an eight-headed hydra
 26634 | D:13     | Reached skill level 5 in Poison Magic
 26765 | D:13     | Noticed a seven-headed hydra
 26768 | D:13     | Reached skill level 14 in Spellcasting
 26770 | D:13     | Killed a seven-headed hydra
 26902 | D:13     | Reached skill level 5 in Air Magic
 27101 | D:13     | Noticed Grum
 27107 | D:13     | Killed Grum
 28074 | D:14     | Noticed a centaur warrior
 28110 | D:14     | Killed a centaur warrior
 28220 | D:14     | Noticed Fannar
 28230 | D:14     | Killed Fannar
 28239 | D:14     | Gained mutation: Your natural rate of healing is unusually fast. [potion of mutation]
 28239 | D:14     | Lost mutation: You occasionally shout uncontrollably at your foes. [potion of mutation]
 28239 | D:14     | Gained mutation: Your spells are a little harder to cast, but a little more powerful. [potion of mutation]
 28336 | D:14     | Reached XP level 13. HP: 63/63 MP: 27/33
 28340 | D:14     | Reached skill level 6 in Fire Magic
 28390 | D:14     | Found a frozen archway.
 28415 | IceCv    | Entered an ice cave
 28420 | IceCv    | Reached skill level 6 in Poison Magic
 28686 | D:14     | Found a gate to the Vaults.
 28686 | D:14     | Noticed a vault guard
 28686 | D:14     | Noticed a vault guard
 28686 | D:14     | Noticed a vault guard
 28686 | D:14     | Noticed a vault guard
 28693 | D:14     | HP: 9/63 [red wasp zombie (19)]
 28696 | D:14     | Offered knowledge of Sticky Flame by Vehumet.
 28784 | D:14     | Killed a vault guard
 28784 | D:14     | Reached skill level 15 in Spellcasting
 28920 | D:14     | Reached skill level 6 in Air Magic
 29236 | D:14     | Killed a vault guard
 29308 | D:14     | Killed a vault guard
 29308 | D:14     | Reached skill level 7 in Fire Magic
 29308 | D:14     | Reached skill level 7 in Poison Magic
 29752 | D:14     | Killed a vault guard
 30377 | D:14     | Found a gate to the Vaults.
 30803 | D:15     | Entered Level 15 of the Dungeon
 30804 | D:15     | Reached skill level 7 in Air Magic
 31110 | D:15     | Reached skill level 8 in Fire Magic
 31110 | D:15     | Reached skill level 8 in Poison Magic
 31456 | D:15     | Noticed Louise
 31467 | D:15     | Killed Louise
 31943 | D:15     | Found a shadowy altar of Dithmenos.
 32111 | D:15     | Reached skill level 8 in Air Magic
 32133 | D:15     | Reached skill level 9 in Poison Magic
 32147 | D:15     | Reached skill level 9 in Fire Magic
 32532 | D:15     | Reached XP level 14. HP: 68/68 MP: 34/34
 32603 | D:15     | Found a staircase to the Depths.
 32613 | D:15     | Found a staircase to the Depths.
 32662 | D:15     | Offered knowledge of Olgreb's Toxic Radiance by Vehumet.
 32698 | D:15     | Found a shadowy altar of Dithmenos.
 33427 | Lair:1   | Entered Level 1 of the Lair of Beasts
 34515 | Lair:2   | Noticed Harold
 34520 | Lair:2   | Killed Harold
 34959 | Lair:2   | Noticed anything's ghost (powerful FoHu)
 34962 | Lair:2   | Killed anything's ghost
 34962 | Lair:2   | Reached skill level 10 in Fire Magic
 35103 | Lair:1   | Reached skill level 9 in Air Magic
 35325 | Lair:1   | Reached skill level 10 in Poison Magic
 36570 | Lair:2   | Lost mutation: You are dopey. (Int -2) [potion of mutation]
 36570 | Lair:2   | Gained mutation: Your mind is acute. (Int +2) [potion of mutation]
 36571 | Lair:2   | Gained mutation: You have large cloven feet. [potion of mutation]
 36571 | Lair:2   | Lost mutation: Scrolls take you a little longer to read. [potion of mutation]
 36572 | Lair:2   | Gained mutation: Your magical capacity is very low (-20% MP). [potion of mutation]
 36572 | Lair:2   | Gained mutation: You evolve. [potion of mutation]
 37054 | Lair:2   | Got a steaming quarterstaff
 37060 | Lair:2   | Identified the cursed +0 quarterstaff "Meguisuh" {antimagic, rC+ Int+2 Stlth+} (You found it on level 2 of the Lair of Beasts)
 38102 | Lair:2   | Gained mutation: You expend magic power (6 MP) to slightly strengthen your wands. [evolution]
 39087 | Lair:3   | Noticed Gastronok
 39094 | Lair:3   | Killed Gastronok
 40817 | Lair:4   | Offered knowledge of Bolt of Magma by Vehumet.
 43137 | Lair:4   | Reached skill level 11 in Fire Magic
 43627 | Lair:5   | Reached skill level 11 in Poison Magic
 44052 | Lair:5   | Reached skill level 10 in Air Magic
 44347 | Lair:5   | Gained mutation: Your flesh is heat resistant. [evolution]
 44347 | Lair:5   | Lost mutation: You evolve. [end of evolution]
 44959 | Lair:5   | Found a hole to the Spider Nest.
 45171 | Lair:5   | Offered knowledge of Poison Arrow by Vehumet.
 45179 | Lair:5   | Learned a level 6 spell: Poison Arrow
 45608 | Lair:5   | Found a hole to the Spider Nest.
 46545 | Lair:6   | Reached XP level 15. HP: 72/72 MP: 28/31
 47321 | Lair:6   | Found a staircase to the Swamp.
 47698 | Lair:6   | Found a staircase to the Swamp.
 48798 | Lair:7   | Reached skill level 12 in Fire Magic
 48937 | Lair:7   | Found a staircase to the Slime Pits.
 48978 | Lair:7   | Noticed Rupert
 49002 | Lair:7   | Reached skill level 12 in Poison Magic
 49165 | Lair:7   | Paralysed by Rupert for 3 turns
 49172 | Lair:7   | Killed Rupert
 49172 | Lair:7   | Reached skill level 11 in Air Magic
 49525 | Lair:7   | Offered knowledge of Bolt of Fire by Vehumet.
 49541 | Lair:7   | Learned a level 6 spell: Bolt of Fire
 49780 | Lair:8   | Entered Level 8 of the Lair of Beasts
 49993 | Lair:8   | Reached skill level 12 in Air Magic
 52079 | Lair:8   | Reached skill level 13 in Air Magic
 52584 | Lair:8   | Reached skill level 3 in Dodging
 52988 | Lair:8   | Reached skill level 4 in Dodging
 53816 | Orc:1    | Entered Level 1 of the Orcish Mines
 53822 | Orc:1    | Offered knowledge of Conjure Ball Lightning by Vehumet.
 53832 | Orc:1    | Learned a level 6 spell: Conjure Ball Lightning
 53971 | Orc:1    | Reached skill level 5 in Dodging
 54951 | Orc:3    | Found a staircase to the Elven Halls.
 55405 | Orc:3    | Found Maczoes' Distillery.
 55494 | Orc:3    | Bought a potion of resistance for 120 gold pieces
 56424 | Orc:3    | Offered knowledge of Orb of Destruction by Vehumet.
 56439 | Orc:4    | Entered Level 4 of the Orcish Mines
 56503 | Orc:4    | Noticed Erica
 56506 | Orc:4    | Killed Erica
 56596 | Orc:4    | Reached skill level 6 in Dodging
 57571 | Orc:4    | Reached skill level 7 in Dodging
 57599 | Orc:4    | Reached XP level 16. HP: 76/76 MP: 2/32
 57608 | Orc:4    | Learned a level 7 spell: Orb of Destruction
 58241 | Orc:4    | Found a roughly hewn altar of Beogh.
 58273 | Orc:4    | Found Uneghept's Jewellery Shoppe.
 58273 | Orc:4    | Found Klah's Distillery.
 58316 | Orc:4    | Bought a cursed ring of loudness for 49 gold pieces
 58316 | Orc:4    | Bought a cursed amulet of inaccuracy for 22 gold pieces
 58316 | Orc:4    | Bought a +1 ring of protection for 33 gold pieces
 58316 | Orc:4    | Bought an uncursed amulet of regeneration for 330 gold pieces
 58329 | Orc:4    | Bought a potion of ambrosia for 120 gold pieces
 58329 | Orc:4    | Bought a potion of heal wounds for 75 gold pieces
 58399 | Orc:4    | Reached skill level 8 in Dodging
 59128 | Orc:4    | Found Irecilume's General Store.
 59128 | Orc:4    | Found Blipt's Antique Weapon Shop.
 59135 | Orc:4    | Bought a scroll of identify for 26 gold pieces
 59135 | Orc:4    | Bought a scroll of blinking for 97 gold pieces
 59145 | Orc:4    | Bought a scorched scimitar for 279 gold pieces
 59145 | Orc:4    | Bought a fine falchion for 248 gold pieces
 59145 | Orc:4    | Identified the cursed +1 scimitar "Khuhavvy" {slice, rC+} (You bought it in a shop on level 4 of the Orcish Mines)
 59147 | Orc:4    | Identified the +9 falchion "Stemoty" {slice, rF+ rC+ Dex-3} (You bought it in a shop on level 4 of the Orcish Mines)
 59851 | Elf:1    | Entered Level 1 of the Elven Halls
 59854 | Elf:1    | Reached skill level 9 in Dodging
 60071 | Elf:1    | Reached skill level 10 in Dodging
 60808 | Elf:1    | Reached skill level 11 in Dodging
 61254 | Elf:1    | Noticed Nikola
 61257 | Elf:1    | Killed Nikola
 61353 | Elf:1    | Reached skill level 12 in Dodging
 61890 | Elf:1    | Noticed Asterion
 61952 | Elf:1    | HP: 13/76 [Asterion/fireball (19)]
 61966 | Elf:1    | Killed Asterion
 62064 | Elf:1    | Noticed Josephine
 62065 | Elf:1    | Killed Josephine
 62065 | Elf:1    | Reached skill level 13 in Dodging
 62649 | Elf:2    | Offered knowledge of Shatter by Vehumet.
 62649 | Elf:2    | Offered knowledge of Chain Lightning by Vehumet.
 62649 | Elf:2    | Offered knowledge of Tornado by Vehumet.
 62693 | Elf:2    | Found a runed gate.
 62699 | Elf:2    | Found a runed gate.
 62700 | Elf:2    | Found a runed gate.
 62758 | Elf:2    | Noticed Roxanne
 62772 | Elf:2    | Killed Roxanne
 62778 | Elf:2    | Identified Roxanne's Almanac of Transformation and Stones (You took it off Roxanne on level 2 of the Elven Halls)
 62989 | Elf:2    | Found Cailo's Assorted Antiques.
 63050 | Elf:2    | Bought a thick paperback book for 690 gold pieces
 63050 | Elf:2    | Bought a scroll of identify for 92 gold pieces
 63256 | Elf:2    | Noticed Norris
 63258 | Elf:2    | Paralysed by something for 4 turns
 63263 | Elf:2    | Killed Norris
 63263 | Elf:2    | Reached skill level 14 in Dodging
 64047 | Elf:2    | Reached skill level 15 in Dodging
 64075 | Elf:2    | Reached XP level 17. HP: 56/80 MP: 6/32
 64734 | Elf:2    | Upgraded the game from 0.16-a0-2970-ge3807df to 0.16-a0-2984-g889390b
 65159 | Swamp:1  | Entered Level 1 of the Swamp
 65198 | Swamp:1  | HP: 19/80 [poison (poison gas)]
 65437 | Swamp:1  | Reached skill level 16 in Dodging
 65796 | Swamp:1  | Found a basalt altar of Yredelemnul.
 66187 | Swamp:1  | HP: 19/80 [poison (poison gas)]
 66192 | Swamp:1  | HP: 9/80 [poison (poison gas)]
 66197 | Swamp:1  | HP: 5/80 [poison (poison gas)]
 66200 | Swamp:1  | HP: 2/80 [poison (poison gas)]
 66205 | Swamp:1  | HP: 2/80 [poison (poison gas)]
 66210 | Swamp:1  | HP: 4/80 [poison (poison gas)]
 66216 | Swamp:1  | HP: 7/80 [poison (poison gas)]
 66222 | Swamp:1  | HP: 11/80 [poison (poison gas)]
 66230 | Swamp:1  | HP: 19/80 [poison (poison gas)]
 66673 | Swamp:1  | HP: 10/80 [spiny frog zombie (13)]
 67332 | Swamp:1  | HP: 18/80 [poison (poison gas)]
 67337 | Swamp:1  | HP: 10/80 [poison (poison gas)]
 67342 | Swamp:1  | HP: 7/80 [poison (poison gas)]
 67347 | Swamp:1  | HP: 6/80 [poison (poison gas)]
 67353 | Swamp:1  | HP: 8/80 [poison (poison gas)]
 67358 | Swamp:1  | HP: 10/80 [poison (poison gas)]
 67363 | Swamp:1  | HP: 14/80 [poison (poison gas)]
 67368 | Swamp:1  | HP: 18/80 [poison (poison gas)]
 67484 | Swamp:1  | Reached skill level 17 in Dodging
 67948 | Swamp:1  | Reached skill level 1 in Fighting
 68219 | Swamp:1  | Reached skill level 2 in Fighting
 68718 | Swamp:1  | Reached skill level 3 in Fighting
 69442 | Swamp:1  | Reached skill level 4 in Fighting
 70161 | Swamp:2  | Reached skill level 5 in Fighting
 71355 | Swamp:3  | Reached skill level 6 in Fighting
 73354 | Swamp:4  | Reached skill level 7 in Fighting
 73368 | Swamp:4  | Noticed Kirke
 74268 | Swamp:4  | Killed Kirke
 74395 | Swamp:4  | Reached skill level 8 in Fighting
 74866 | Swamp:4  | Reached XP level 18. HP: 91/103 MP: 27/32
 75239 | Swamp:5  | Entered Level 5 of the Swamp
 75879 | Swamp:5  | Reached skill level 9 in Fighting
 77654 | Swamp:5  | Reached skill level 10 in Fighting
 77938 | Swamp:5  | Got a decaying rune of Zot
 78694 | Spider:1 | Entered Level 1 of the Spider Nest
 79478 | Spider:1 | Reached skill level 11 in Fighting
 80641 | Spider:2 | HP: 15/110 [wolf spider (14)]
 81698 | Spider:3 | Reached skill level 12 in Fighting
 82843 | Spider:3 | Reached skill level 2 in Shields
 82909 | Spider:4 | Noticed Chiseanne's ghost (mighty SpAs)
 82910 | Spider:4 | Killed Chiseanne's ghost
 82986 | Spider:4 | Got a faintly glowing robe
 82997 | Spider:4 | Identified the +1 robe "Punaro" {rC+ Slay+4} (You found it on level 4 of the Spider Nest)
 83092 | Spider:4 | Reached skill level 3 in Shields
 84024 | Spider:4 | Reached skill level 4 in Shields
 84789 | Spider:5 | Entered Level 5 of the Spider Nest
 84796 | Spider:5 | Noticed Arachne
 84804 | Spider:5 | Killed Arachne
 84804 | Spider:5 | Reached skill level 5 in Shields
 85002 | Spider:5 | Reached XP level 19. HP: 116/116 MP: 28/32
 85093 | Spider:5 | Reached skill level 1 in Evocations
 85097 | Spider:5 | Reached skill level 3 in Stealth
 85396 | Spider:5 | Reached skill level 2 in Evocations
 85515 | Spider:5 | Reached skill level 4 in Stealth
 85783 | Spider:5 | Reached skill level 3 in Evocations
 86088 | Spider:5 | Reached skill level 5 in Stealth
 86105 | Spider:5 | Reached skill level 4 in Evocations
 86551 | Spider:5 | Reached skill level 6 in Stealth
 86662 | Spider:5 | Reached skill level 5 in Evocations
 86876 | Spider:5 | Reached skill level 6 in Evocations
 87461 | Spider:5 | Reached skill level 7 in Evocations
 87563 | Spider:5 | Got a gossamer rune of Zot
 87883 | Spider:4 | Reached skill level 8 in Evocations
 89016 | Depths:1 | Entered Level 1 of the Depths
 89556 | Depths:1 | Reached skill level 16 in Spellcasting
 90488 | Depths:1 | Reached skill level 17 in Spellcasting
 91035 | Depths:1 | Found a gateway to Hell.
 91603 | Depths:1 | Reached skill level 18 in Spellcasting
 91795 | Depths:1 | Found a gateway to Hell.
 92827 | Depths:2 | Lost mutation: You expend magic power (6 MP) to slightly strengthen your wands. [potion of cure mutation]
 92827 | Depths:2 | Lost mutation: You have a pair of small antennae on your head. [potion of cure mutation]
 92827 | Depths:2 | Lost mutation: Your natural rate of healing is unusually fast. [potion of cure mutation]
 92827 | Depths:2 | Lost mutation: Your spells are a little harder to cast, but a little more powerful. [potion of cure mutation]
 92827 | Depths:2 | Lost mutation: You can spit poison. [potion of cure mutation]
 92988 | Depths:2 | Reached XP level 20. HP: 122/122 MP: 30/35
 93359 | Depths:2 | Reached skill level 19 in Spellcasting
 94513 | Depths:2 | Got a slimy war axe
 94730 | Depths:2 | Reached skill level 20 in Spellcasting
 96517 | Depths:3 | Reached skill level 21 in Spellcasting
 96798 | Depths:3 | Noticed Xtahua
 97185 | Depths:3 | Killed Xtahua
 97207 | Depths:3 | Reached skill level 16 in Conjurations
 97387 | Depths:3 | Got a flickering bone ring
 97494 | Depths:3 | Noticed a golden dragon
 97496 | Depths:3 | Killed a golden dragon
 97624 | Depths:3 | Found a gateway to a ziggurat.
 97638 | Depths:3 | Identified the cursed ring "Fupatwah" {EV-3 Slay+2 SInv} (You took it off an ogre mage on level 3 of the Depths)
 98022 | Lair:2   | Identified the +7 war axe of the Horn {venom, rElec rC+ Stlth+} (You took it off a yaktaur on level 2 of the Depths)
 98039 | Lair:2   | Learned a level 8 spell: Chain Lightning
 98047 | Lair:2   | Learned a level 7 spell: Spellforged Servitor
 98513 | Depths:3 | Paralysed by a giant eyeball for 3 turns
 98721 | Depths:3 | Got a pitted granite ring
 98734 | Depths:3 | Reached skill level 17 in Conjurations
 98993 | Depths:3 | Reached XP level 21. HP: 96/127 MP: 19/36
 99956 | Depths:3 | Reached skill level 18 in Conjurations
100025 | Depths:3 | Identified the ring of Surprise {Ice Int+2} (You took it off a spriggan defender on level 3 of the Depths)
100346 | Depths:3 | Found a basalt altar of Yredelemnul.
100455 | Depths:3 | Identified the Compendium of the Marlin
101101 | Depths:3 | Got a bound wooden ring
101103 | Depths:3 | Identified the ring "Silaup" {rF- rC+ AC+2} (You found it on level 3 of the Depths)
101535 | Depths:3 | Found an iron altar of Okawaru.
101555 | Depths:3 | Found a one-way gate leading to the halls of Pandemonium.
101620 | Depths:3 | Lost mutation: Your mind is acute. (Int +2) [potion of cure mutation]
101620 | Depths:3 | Lost mutation: Your body is slowly deteriorating. [potion of cure mutation]
101620 | Depths:3 | Lost mutation: You have large cloven feet. [potion of cure mutation]
101620 | Depths:3 | Lost mutation: Your magical capacity is very low (-20% MP). [potion of cure mutation]
101699 | Depths:3 | Found a shadowy altar of Dithmenos.
101770 | Depths:3 | Found a basalt altar of Yredelemnul.
101828 | Depths:3 | Found an iron altar of Okawaru.
101837 | Depths:3 | Found a one-way gate leading to the halls of Pandemonium.
101867 | Depths:3 | Found a gateway to a ziggurat.
101925 | Depths:3 | Reached skill level 19 in Conjurations
102025 | Depths:3 | Found a shadowy altar of Dithmenos.
102944 | Depths:4 | Reached skill level 20 in Conjurations
102999 | Depths:4 | HP: 30/127 [ettin/dire flail (22)]
103000 | Depths:4 | Killed from afar by a deep elf knight

Action                   |  1- 3 |  4- 6 |  7- 9 | 10-12 | 13-15 | 16-18 | 19-21 || total
-------------------------+-------+-------+-------+-------+-------+-------+-------++-------
Melee: Unarmed           |       |    16 |     3 |       |       |       |       ||    19
       Dagger            |       |       |       |    39 |       |       |       ||    39
       Flail             |       |       |       |       |    58 |    30 |       ||    88
       Staff             |       |       |       |       |    13 |    36 |    28 ||    77
       Falchion          |       |       |       |       |       |    11 |     4 ||    15
 Cast: Magic Dart        |    78 |   137 |   200 |   129 |   112 |    16 |     3 ||   675
       Iskenderun's Myst |       |    25 |   109 |   395 |  1122 |  1014 |   190 ||  2855
       Shroud of Golubri |       |       |     2 |     1 |     1 |     2 |       ||     6
       Iskenderun's Batt |       |       |       |    15 |    15 |     8 |     5 ||    43
       Mephitic Cloud    |       |       |       |     4 |    35 |     8 |     6 ||    53
       Poison Arrow      |       |       |       |       |    55 |   317 |   504 ||   876
       Conjure Ball Ligh |       |       |       |       |     2 |       |       ||     2
       Orb of Destructio |       |       |       |       |       |     9 |     9 ||    18
       Bolt of Fire      |       |       |       |       |       |     7 |    19 ||    26
       Fireball          |       |       |       |       |       |     1 |     4 ||     5
       Chain Lightning   |       |       |       |       |       |       |    19 ||    19
 Abil: Spit Poison       |       |       |       |       |       |     2 |       ||     2
       Evoke Teleportati |       |       |       |       |       |     1 |       ||     1
Evoke: Wand              |       |       |       |       |     1 |       |     2 ||     3
       Staff of energy   |       |       |       |       |       |     1 |       ||     1
       Stone of tremors  |       |       |       |       |       |     1 |       ||     1
       Box of beasts     |       |       |       |       |       |     1 |       ||     1
  Use: Scroll            |       |     5 |     2 |    20 |    10 |    12 |     4 ||    53
       Potion            |       |     5 |     1 |    10 |     8 |    18 |     5 ||    47
  Eat: Chunk             |     2 |    16 |    41 |    44 |    81 |    95 |    71 ||   350
       Fruit             |       |     2 |     6 |     7 |     8 |       |       ||    23
       Pizza             |       |       |     2 |     5 |     3 |     4 |     2 ||    16
       Beef jerky        |       |       |     1 |     2 |       |     1 |     2 ||     6
       Bread ration      |       |       |       |       |     1 |     5 |     3 ||     9

Vault maps used:
D:1:      lightli_arrival_flooded_house, kennysheep_boxes
D:2:      grunt_ministairs_6, minmay_misc_feat_five, hex_intersection,
          uniq_jessica
D:3:      gup_sewer_entry_bowl, serial_bayou_pond_c, uniq_sigmund, uniq_iyjb,
          uniq_natasha
D:4:      nicolae_overflow_crystal_walls, serial_shops, shop, first_bread
D:5:      minmay_temple_entry_enclosed_plants, uniq_eustachio,
          uniq_prince_ribbit1, uniq_blork_the_orc
D:7:      grunt_ogre_cave
D:8:      kennysheep_crisscross, lightli_corner_chamber
D:9:      hangedman_decor_growths, uniq_psyche
D:11:     david_lair_shrubbed, serial_pond, minmay_pond_plants_k,
          minmay_pond_plants_d, minmay_pond_plants_ab, minmay_pond_plants_s,
          enter_trove_2
D:12:     orc_0_dummy
D:13:     uniq_grum
D:14:     lightli_vaults_fourway_checkpoint, portal_ice_cave_entry_ice_beasts,
          minmay_misc_feat_enclosed, grunt_decor_one_mirror, uniq_fannar
D:15:     grunt_enter_depths_magical_seal, nicolae_dithmenos_shadow_blocks,
          uniq_louise
Temple:   grunt_circular_temple_18
Lair:1:   kennysheep_rathole, minivault_26, bh_autumn_forest_stairs
Lair:2:   st_stairs_3, grunt_megastairs_3, uniq_harold
Lair:3:   serial_pond, minmay_pond_fungi_e, minmay_pond_plants_q, uniq_gastronok
Lair:4:   kennysheep_abandoned_house, lab_entry_generic
Lair:5:   spider_nest_entry_rubble, infiniplex_staircase_pool,
          serial_bayou_shore_a
Lair:6:   swamp_mist, eino_house_with_fridge, grunt_megastairs_4,
          infiniplex_staircase_pool_2
Lair:7:   slime_dummy, uniq_rupert
Lair:8:   grunt_lair_end_beastmaster, st_stairs_5, minmay_another_anthill,
          lemuel_fruit_fields, lemuel_fruit_fields
Swamp:1:  cheibrodos_swamp_mausoleum, basic_altar, swamp_pool3
Swamp:2:  evilmike_swamp_ruin_house_6
Swamp:3:  nicolae_swamp_round_clearing, swamp_pool2, hangedman_swamp_muck
Swamp:4:  serial_swamp_ruin, evilmike_swamp_ruin_rubble_2,
          evilmike_swamp_ruin_house_1, evilmike_swamp_ruin_rubble_1, uniq_kirke
Swamp:5:  swamp_icy
Spider:2: nicolae_spider_hall_of_the_moth_king
Spider:3: special_room
Spider:4: guppyfry_spider_mini_1
Spider:5: grunt_spider_rune_circles, uniq_arachne
Orc:1:    nicolae_orc_sculptors_studio
Orc:3:    serial_shops, shop, nicolae_orc_pool_cavern, nicolae_orc_crystal_geode
Orc:4:    st_orc_town, uniq_erica
Elf:1:    minmay_elf_arrival_plus, minmay_elf_crystal_hexagon, evilmike_ambush,
          uniq_josephine, uniq_nikola, uniq_asterion
Elf:2:    serial_shops, nicolae_shop_waterfront, dk_noncrumbling_4,
          nicolae_elf_glass_and_crystal_pillar_2, uniq_norris, uniq_roxanne
Depths:1: nicolae_benzene_ring, hangedman_coc_ice_floe, lemuel_jelly_drop_a,
          firewood_loft
Depths:2: kennysheep_ogre_elephant_herders, grunt_hell_entry_dis_mu,
          serial_sigils, serial_sigils_hangedman_gut,
          serial_sigils_hangedman_quiver, serial_sigils_hangedman_gnaw,
          serial_sigils_hangedman_etch, serial_sigils_hangedman_clutch,
          st_stairs_8
Depths:3: hangedman_spin_cycle, hell_entry, pan_entry, uniq_xtahua
Depths:4: hangedman_opposites_gauntlet, hangedman_decor_slide_cut, abyss_entry,
          hell_entry, kennysheep_generic_room_14
Sewer:    sewer_kobolds
IceCv:    ice_cave_statue_garden_01

Table legend:
 A = Turns spent in this place as a percentage of turns spent in the entire game.
 B = Non-inter-level travel turns spent in this place as a percentage of non-inter-level travel turns spent in the entire game.
 C = Inter-level travel turns spent in this place as a percentage of turns spent in this place.
 D = Turns resting spent in this place as a percentage of non-inter-level travel turns spent in this place.
 E = Turns spent auto-exploring this place as a percentage of non-inter-level travel turns spent in this place.
 F = Non-inter-level travel turns spent in this place divided by the number of levels of this place that you've seen.
                   A       B       C       D       E      F
               +-------+-------+-------+-------+-------+----------------------
         Total | 100.0 | 100.0 |   0.7 |  16.8 |   9.0 | 385.8
       Dungeon |  30.1 |  30.1 |   0.6 |  14.7 |   9.5 | 356.0
        Temple |   0.2 |   0.2 |   2.4 |   9.8 |  41.5 |  41.0
          Lair |  20.1 |  20.0 |   0.8 |  14.7 |   6.8 | 444.4
         Swamp |  12.4 |  12.4 |   0.8 |  20.5 |   6.2 | 440.0
   Spider Nest |  10.0 |  10.0 |   0.8 |  19.5 |   8.5 | 355.2
  Orcish Mines |   7.8 |   7.8 |   0.6 |  19.2 |  12.4 | 347.5
   Elven Halls |   6.1 |   6.1 |   0.5 |  14.0 |   8.9 | 543.5
        Depths |  12.5 |  12.5 |   0.6 |  19.4 |  11.6 | 555.2
         Sewer |   0.5 |   0.5 |   0.0 |  11.5 |  12.6 |  87.0
      Ice Cave |   0.3 |   0.3 |   0.0 |  11.5 |   0.0 |  52.0
               +-------+-------+-------+-------+-------+----------------------

Table legend:
 A = Kills in this place as a percentage of kills in entire the game.
 B = Kills by you in this place as a percentage of kills by you in the entire game.
 C = Kills by friends in this place as a percentage of kills by friends in the entire game.
 D = Other kills in this place as a percentage of other kills in the entire game.
 E = Experience gained in this place as a percentage of experience gained in the entire game.
 F = Experience gained in this place divided by the number of levels of this place that you have seen.
                   A       B       C       D       E      F
               +-------+-------+-------+-------+-------+----------------------
         Total | 100.0 | 100.0 | 100.0 | 100.0 | 100.0 | 14642.5
       Dungeon |  22.4 |  22.4 |   0.0 |  15.8 |   9.6 | 4332.4
          Lair |  20.1 |  20.0 |   0.0 |  26.3 |  11.7 | 9848.5
         Swamp |  13.7 |  13.8 |   0.0 |   5.3 |  14.2 | 19160.4
   Spider Nest |  12.6 |  12.5 | 100.0 |   5.3 |  14.4 | 19363.0
  Orcish Mines |  11.3 |  11.1 |   0.0 |  36.8 |   2.2 | 3772.0
   Elven Halls |   5.1 |   5.0 |   0.0 |  10.5 |   9.6 | 32183.0
        Depths |  14.1 |  14.2 |   0.0 |   0.0 |  37.9 | 63824.2
         Sewer |   0.4 |   0.4 |   0.0 |   0.0 |   0.0 | 134.0
      Ice Cave |   0.4 |   0.4 |   0.0 |   0.0 |   0.3 | 2278.0
               +-------+-------+-------+-------+-------+----------------------
